 Dungeon Crawl Stone Soup version 0.20.0-15-g7f486f2 (webtiles) character file.

578164 Gorglomux the Impregnable (level 27, -1/191 HPs)
             Began as a Gargoyle Air Elementalist on June 11, 2017.
             Was a High Priest of the Shining One.
             Slain by a titan (8 damage)
             ... created by the fury of Okawaru
             ... on level 2 of the Crypt.
             The game lasted 02:23:01 (70145 turns).

Gorglomux the Impregnable (GrAE)                   Turns: 70145, Time: 02:23:01

Health: -1/191     AC: 78    Str: 23    XL:     27
Magic:  21/30      EV: 11    Int: 17    God:    the Shining One [*****.]
Gold:   5424       SH: 34    Dex: 11    Spells: 28/30 levels left

rFire    + . .     SeeInvis +   a - +9 eveningstar (elec) {god gift}
rCold    . . .     Gourm    .   x - +0 large shield {rF+} {god gift}
rNeg     + + +     Faith    .   d - +12 crystal plate armour of Zeicaub {god gift, rPois rN+}
rPois    ∞         Spirit   .   q - +2 helmet {SInv} {god gift}
rElec    +         Reflect  .   F - +2 cloak {MR+} {god gift}
rCorr    +         Harm     .   E - +2 pair of gloves
MR       ++++.                  n - +2 pair of boots {run}
Stlth    ..........             r - amulet of regeneration
Regen    0.9/turn               g - ring of resist corrosion
MPRegen  0.3/turn               m - ring of protection from magic

@: divine shield, glowing, quick
A: big wings, negative energy resistance 1, electricity resistance, unbreathing,
petrification resistance, no potion heal 1, rot immunity, AC +20
}: 3/15 runes: decaying, silver, gossamer
a: Fly, Divine Shield, Cleansing Flame, Summon Divine Warrior, Renounce Religion


You were on level 2 of the Crypt.
You worshipped the Shining One.
The Shining One was extremely pleased with you.
You were not hungry.

You visited 9 branches of the dungeon, and saw 44 of its levels.
You also visited: Bailey, Ice Cave and Wizlab.

You collected 7153 gold pieces.
You spent 1729 gold pieces at shops.

Inventory:

Hand Weapons
 a - a +9 eveningstar of electrocution (weapon) {god gift}
 b - a +1 eveningstar of holy wrath
Missiles
 Z - 11 throwing nets (quivered)
Armour
 d - the +12 crystal plate armour of Zeicaub (worn) {god gift, rPois rN+}
   (Okawaru gifted it to you on level 4 of the Swamp)

   It protects you from poison.
   It protects you from negative energy.
 n - a +2 pair of boots of running (worn)
 q - a +2 helmet of see invisible (worn) {god gift}
 v - a scarf of repulsion
 x - a +0 large shield of fire resistance (worn) {god gift}
 E - a +2 pair of gloves (worn)
 F - a +2 cloak of magic resistance (worn) {god gift}
Jewellery
 c - an uncursed ring of protection from cold
 g - a ring of resist corrosion (left hand)
 m - a ring of protection from magic (right hand)
 r - an amulet of regeneration (around neck)
 K - the ring of Vubintom {rF+ rN+ Str+3 Stlth+}
   (You bought it in a shop on level 1 of the Depths)

   [ring of stealth]

   It affects your strength (+3).
   It protects you from fire.
   It protects you from negative energy.
   It makes you more stealthy.
Wands
 A - a wand of acid (11/15)
 G - a wand of digging (14/24)
 O - a wand of clouds (4/9)
Scrolls
 i - 4 scrolls of summoning
 j - 5 scrolls of fog
 k - 10 scrolls of recharging
 p - 22 scrolls of remove curse
 t - 3 scrolls of enchant armour
 w - 5 scrolls of fear
 y - 5 scrolls of immolation
 B - 12 scrolls of blinking
 H - 2 scrolls of holy word
 I - a scroll of brand weapon
 M - 10 scrolls of magic mapping
 R - 2 scrolls of identify
 T - 5 scrolls of teleportation
Potions
 e - 3 potions of magic
 f - 3 potions of might
 l - 2 potions of invisibility
 u - 4 potions of resistance
 D - a potion of brilliance
 J - 6 potions of agility
 L - 10 potions of mutation {!q}
 N - 5 potions of ambrosia
 P - 5 potions of haste
 Q - 10 potions of curing
 S - 5 potions of cancellation
Miscellaneous
 s - a lightning rod (4/4)
 U - 5 boxes of beasts
 V - a phantom mirror
 W - 4 sacks of spiders
 X - a phial of floods
 Y - a lamp of fire
Comestibles
 o - a royal jelly
 z - 15 meat rations
 C - 18 bread rations


   Skills:
 + Level 24.3 Fighting
 - Level 16.0 Maces & Flails
 + Level 24.4 Armour
 + Level 14.3 Dodging
 - Level 2.1 Stealth
 + Level 22.8 Shields
 - Level 2.0 Spellcasting
 - Level 1.1 Conjurations
 - Level 2.4 Air Magic
 + Level 9.4 Invocations


You had 28 spell levels left.
You knew the following spells:

 Your Spells              Type           Power        Failure   Level  Hunger
a - Shock                 Conj/Air       #...         80%         1    #......
o - Apportation           Tloc           #.....       95%         1    #......


Dungeon Overview and Level Annotations

Branches:
Dungeon (15/15)            Temple (1/1) D:5            Lair (6/6) D:11
  Swamp (4/4) Lair:2       Spider (4/4) Lair:2        Slime (0/5) Lair:6
    Orc (2/2) D:10            Elf (0/3) Orc:2        Vaults (5/5) D:14
  Crypt (2/3) Vaults:3     Depths (5/5) D:15            Zot (0/5) Depths:5

Altars:
Ashenzari
Cheibriados
Dithmenos
Elyvilon
Fedhas
Gozag
Hepliaklqana
Kikubaaqudgha
Makhleb
Nemelex Xobeh
Okawaru
Qazlal
Ru
Sif Muna
Trog
Uskayaw
Vehumet
Xom
Yredelemnul
Zin
The Shining One
Jiyva
Lugonu

Shops:
D:5 ?   D:7 [   D:15 *   Orc:2 *[(   Vaults:3 [   Depths:1 [=(

Portals:
Hell: Depths:1 Depths:2 Depths:3 Depths:4 Depths:5
Abyss: Depths:2 Depths:4
Pandemonium: Depths:1 Depths:3
Ziggurat: Depths:5
Trove: Vaults:1 (give +5 ice dragon scales)

Annotations:
Lair:4 exclusion: 2 oklob plants
Swamp:1 1 runed door
Depths:2 exclusion: obsidian statue


Innate Abilities, Weirdness & Mutations

You are resistant to torment.
Your stone body is resilient. (AC +20)
You are immune to poison.
Your large and strong wings let you fly indefinitely.
You resist negative energy. (rN+)
You are resistant to electric shocks. (rElec)
You can survive without breathing.
You are immune to petrification.
You are immune to rotting.
Potions are less effective at restoring your health.


Message History

The titan is severely wounded.
You block the deep elf blademaster's attack. x2
You hit the titan.
The titan is severely wounded.
You block the deep elf blademaster's attack.
The deep elf blademaster hits you but does no damage.
You block the titan's attack.
You impale the titan!!
The titan is almost dead.
The deep elf blademaster hits you but does no damage.
You block the deep elf blademaster's attack.
The titan waves its arms in wide circles.
The air twists around and strikes you!
* * * LOW HITPOINT WARNING * * *
Your system partially rejects the healing.
You feel better.
You block the deep elf blademaster's attack.
The deep elf blademaster hits you but does no damage.
The titan hits you!
You die...

............'....#
#....
......[.....'....#
#....
......)....####..#
#.... ..§.......##
#..# ##...
.....e...## ##''##
##.. .....#####
##....## ##'' .....
#......## #... §...
#.......## #... ....
#.C@.....## #...
#...e.....## #...
#..........## #...
#...).......## #..#
#............####..#
#............+.....#
#............+..<..#
#............####.>#
####............#
#..#


You could see a titan and a deep elf blademaster.

Vanquished Creatures
  An ancient lich (Vaults:5)
  Mara (Depths:3)
  2 juggernauts
  the Lernaean hydra (Swamp:4)
  Saint Roka (Depths:2)
  6 caustic shrikes
  4 golden dragons
  the Enchantress (Depths:3)
  5 liches
  A bone dragon (Vaults:3)
  Jorgrun (Depths:2)
  4 tentacled monstrosities
  A deep elf master archer (Crypt:2)
  3 titans
  2 quicksilver dragons
  2 acid blobs (Depths:1)
  2 deep elf blademasters
  7 sphinxes
  Frances (D:13)
  2 thorn hunters
  7 ancient champions
  8 shadow dragons
  5 storm dragons
  11 tengu reavers
  Donald (Orc:2)
  3 revenants
  19 fire giants
  2 azure jellies (Depths:1)
  15 vault wardens
  2 deep elf sorcerers
  A large abomination (Vaults:5)
  23 frost giants
  3 ghost moths (Spider:4)
  4 iron dragons
  Aizul (Depths:2)
  3 curse skulls (Crypt:1)
  An orc warlord (Orc:2)
  11 spriggan defenders
  4 deep elf elementalists
  8 emperor scorpions
  28 very ugly things
  A draconian annihilator (Depths:5)
  2 war gargoyles
  An entropy weaver (shapeshifter) (Depths:4)
  17 ironheart preservers
  43 stone giants
  A reaper (Vaults:3)
  6 entropy weavers
  9 vampire knights
  A green draconian (Depths:5)
  2 black draconians (Depths:5)
  A deep elf annihilator (Vaults:2)
  6 spark wasps
  A dire elephant (Lair:6)
  5 deep elf demonologists
  3 yellow draconians (Depths:5)
  A merfolk javelineer (Depths:4)
  An ettin (shapeshifter) (Depths:5)
  8 deep elf death magi
  4 eidola
  7 ettins
  A quicksilver dragon zombie (Crypt:2)
  18 fire dragons
  27 yaktaur captains
  4 death oozes (Depths:1)
  13 ice dragons
  8 great orbs of eyes
  30 hydras
  3 deep elf high priests (Vaults:5)
  9 jiangshi
  8 rakshasas
  8 spriggan air magi
  34 vault guards
  A hell beast (Depths:2)
  Erica (D:8)
  11 centaur warriors
  4 death knights
  A ghost crab (Swamp:3)
  2 catoblepae
  14 deep troll shamans
  51 two-headed ogres
  2 dancing weapons (Vaults:5)
  8 alligators
  4 death yaks (Lair:6)
  12 tengu warriors
  20 ogre magi
  15 deep troll earth magi
  A queen ant (Lair:5)
  A sun demon (Depths:2)
  3 orc high priests (Orc:2)
  3 spriggan berserkers
  6 vampire magi
  3 soul eaters
  7 hell knights
  19 slime creatures
  10 deep elf knights
  10 skeletal warriors
  An unseen horror (shapeshifter) (Depths:4)
  An iron troll (Depths:5)
  A sea snake (shapeshifter) (Vaults:4)
  6 swamp dragons (Swamp:4)
  10 wizards
  2 unseen horrors
  6 shadow wraiths
  A swamp dragon (shapeshifter) (Vaults:4)
  42 deep trolls
  A shadow dragon zombie (Crypt:2)
  4 glowing orange brains
  7 flayed ghosts
  14 ironbrand convokers
  2 shambling mangroves
  25 orc knights
  A sphinx zombie (Vaults:3)
  20 deep elf archers
  A small abomination (Depths:2)
  A tengu zombie (Vaults:3)
  6 necromancers
  21 orb spiders
  8 harpies (Vaults:3)
  9 phantasmal warriors
  2 wolf spider zombies (D:14)
  Pikel (D:6)
  5 orc sorcerers
  33 wolf spiders
  A faun (shapeshifter) (Depths:2)
  A cyclops (shapeshifter) (Depths:3)
  A tengu skeleton (Vaults:3)
  2 manticores
  A salamander (shapeshifter) (Depths:2)
  38 ugly things
  A moth of wrath (Spider:4)
  8 cyclopes
  An iron dragon skeleton (Crypt:2)
  25 deep elf magi
  A black mamba (shapeshifter) (Vaults:5)
  A black mamba (Lair:2)
  2 stone giant skeletons
  A rust devil (Depths:3)
  A torpor snail (Spider:4)
  9 elephants
  A fire giant skeleton (Vaults:3)
  A torpor snail (shapeshifter) (Vaults:4)
  2 centaur skeletons
  A spiny frog (shapeshifter) (D:8)
  18 vault sentinels
  An elephant (shapeshifter) (Vaults:3)
  A gargoyle (D:14)
  20 spiny frogs
  An orange demon (Depths:2)
  8 demonic crawlers
  3 kobold demonologists
  16 freezing wraiths
  5 komodo dragons
  70 yaktaurs
  9 rime drakes
  A hellwing (Depths:3)
  An ice devil (Depths:3)
  A catoblepas zombie (Crypt:2)
  A guardian mummy (Vaults:1)
  5 tengu conjurers
  A pale draconian skeleton (Crypt:2)
  2 queen bees
  2 red devils (Depths:2)
  41 jumping spiders
  A polar bear (Lair:6)
  10 trolls
  6 bog bodies
  2 meliai (shapeshifter)
  3 meliai (D:14)
  A hydra skeleton (Crypt:2)
  A merfolk (shapeshifter) (Vaults:5)
  A hornet (shapeshifter) (D:14)
  A harpy skeleton (D:14)
  29 hornets
  2 death drake skeletons
  3 tyrant leeches (Swamp:1)
  A wind drake (shapeshifter) (Vaults:4)
  A polar bear (shapeshifter) (Vaults:4)
  6 dream sheep (Lair:6)
  15 blink frogs
  A hippogriff (shapeshifter) (D:14)
  2 dream sheep (shapeshifter)
  12 hippogriffs
  A meliai zombie (D:15)
  An ettin zombie (Vaults:3)
  3 flying skulls (Crypt:2)
  7 wyverns
  63 redbacks
  9 wraiths
  3 shadows
  A vampire (D:15)
  19 spriggans
  6 air elementals
  2 tarantellas (shapeshifter)
  41 yaks
  33 tarantellas
  A ynoxinul (Depths:3)
  A human (shapeshifter) (Depths:2)
  6 water elementals
  9 basilisks
  8 vampire mosquitoes (Swamp:3)
  A yaktaur simulacrum (Vaults:2)
  5 hungry ghosts
  A neqoxec (Depths:3)
  14 wargs
  12 insubstantial wisps (Swamp:1)
  5 soldier ants
  A water moccasin (shapeshifter) (Vaults:4)
  9 water moccasins
  23 swamp worms
  8 acid dragons
  12 porcupines
  A floating eye (Depths:4)
  A deep troll skeleton (Vaults:4)
  A floating eye (shapeshifter) (Vaults:3)
  72 orc warriors
  9 swamp drakes
  2 black bears
  12 ice beasts
  A black bear (shapeshifter) (Vaults:4)
  A spiny frog skeleton (Crypt:2)
  An eye of draining (shapeshifter) (Vaults:4)
  An ettin simulacrum (Crypt:2)
  3 phantoms
  34 ogres
  14 wolves
  A dream sheep zombie (Crypt:1)
  3 boggarts (Depths:2)
  14 crocodiles
  17 centaurs
  A blink frog skeleton (Crypt:2)
  2 big kobolds
  2 human zombies (Vaults:4)
  A yaktaur zombie (Crypt:1)
  A salamander zombie (Crypt:1)
  17 bullfrogs
  9 gnoll sergeants
  A wyvern skeleton (D:9)
  5 scorpions
  A polar bear zombie (Crypt:1)
  56 killer bees
  11 wights
  3 electric eels
  A spriggan skeleton (Crypt:1)
  4 howler monkeys
  2 bullfrog zombies
  6 centaur zombies
  14 crimson imps
  2 quasits
  35 orc priests
  20 jellies
  8 bullfrog skeletons
  14 hounds
  4 iron imps
  A human skeleton (Crypt:1)
  5 iguanas
  8 gnoll shamans
  54 orc wizards
  19 worker ants
  A big kobold zombie (Crypt:2)
  3 hound zombies
  2 hound skeletons
  A worker ant zombie (D:6)
  27 gnolls
  A howler monkey skeleton (D:11)
  A howler monkey zombie (D:8)
  15 adders
  11 shadow imps
  4 white imps
  An ufetubus (Depths:3)
  4 oozes
  An iguana zombie (Crypt:1)
  3 adder skeletons
  A halfling skeleton (Crypt:1)
  5 worms
  A barachi skeleton (Crypt:2)
  2 dart slugs (D:1)
  4 leopard geckos
  147 orcs
  10 bats
  5 giant cockroaches
  7 goblins
  10 hobgoblins
  5 jackals
  21 kobolds
  7 quokkas
  10 frilled lizards
  A leopard gecko skeleton (D:7)
  7 rats
  A river rat skeleton (Crypt:2)
  2 briar patches (Swamp:2)
  A crawling corpse (Vaults:5)
2457 creatures vanquished.

Vanquished Creatures (collateral kills)
  An entropy weaver (Lair:6)
  A fungus (Lair:6)
  A plant (Lair:6)
3 creatures vanquished.

Vanquished Creatures (others)
  2 stone giants
  A death yak (Lair:6)
  A deep elf knight (Crypt:2)
  An ugly thing (Depths:1)
  A jumping spider (Spider:4)
  A hornet (Swamp:1)
  Edmund (D:6)
  An ice beast (D:6)
  4 slaves
  2 swamp drakes
  An ogre (Vaults:5)
  A bullfrog (D:6)
  An orc priest (Vaults:3)
  An orc wizard (Orc:2)
  An adder (D:6)
  A leopard gecko (D:6)
  5 orcs
  5 fungi
  12 plants
43 creatures vanquished.

Grand Total: 2503 creatures vanquished

Notes
Turn   | Place    | Note
-------+----------+-------------------------------------------
     0 | D:1      | Gorglomux the Gargoyle Air Elementalist began the quest for the Orb.
     0 | D:1      | Reached XP level 1. HP: 10/10 MP: 3/3
   364 | D:1      | Reached skill level 1 in Fighting
   408 | D:1      | Reached skill level 1 in Armour
   408 | D:1      | Reached XP level 2. HP: 16/16 MP: 5/5
  1044 | D:1      | Reached XP level 3. HP: 21/21 MP: 6/6
  1257 | D:2      | Found a white marble altar of Elyvilon.
  1918 | D:2      | Reached XP level 4. HP: 27/27 MP: 7/7
  2219 | D:2      | Found a snail-covered altar of Cheibriados.
  2293 | D:2      | Reached skill level 3 in Armour
  2299 | D:2      | Found a stormy altar of Qazlal.
  2517 | D:3      | Reached skill level 3 in Fighting
  2599 | D:3      | Found a glowing golden altar of the Shining One.
  3132 | D:3      | Reached XP level 5. HP: 24/32 MP: 8/8
  3796 | D:4      | Reached XP level 6. HP: 36/38 MP: 9/9
  4136 | D:5      | Entered Level 5 of the Dungeon
  4230 | D:5      | Noticed an ice beast
  4259 | D:5      | Noticed a phantom
  4776 | D:5      | Killed an ice beast
  4870 | D:5      | Reached skill level 1 in Maces & Flails
  4870 | D:5      | Reached XP level 7. HP: 12/44 MP: 10/10
  5111 | D:5      | Found Iqofoana's Magic Scroll Shoppe.
  5273 | D:5      | Reached skill level 3 in Maces & Flails
  5387 | D:5      | Bought a scroll of identify for 26 gold pieces
  5387 | D:5      | Bought a scroll of identify for 26 gold pieces
  5387 | D:5      | Bought a scroll of remove curse for 39 gold pieces
  5387 | D:5      | Bought a scroll of teleportation for 39 gold pieces
  5387 | D:5      | Bought a scroll of identify for 26 gold pieces
  5387 | D:5      | Bought a scroll of identify for 26 gold pieces
  5887 | D:5      | Found a staircase to the Ecumenical Temple.
  5957 | Temple   | Entered the Ecumenical Temple
  6019 | Temple   | Became a worshipper of Warmaster Okawaru
  6234 | D:6      | Reached XP level 8. HP: 43/49 MP: 11/11
  6249 | D:6      | Noticed Pikel
  6282 | D:6      | Killed Pikel
  6282 | D:6      | Reached * piety under Okawaru
  6370 | D:6      | Noticed Edmund
  6378 | D:6      | Killed Edmund
  6727 | D:6      | Reached ** piety under Okawaru
  7076 | D:6      | Found a basalt altar of Yredelemnul.
  7113 | D:6      | Reached XP level 9. HP: 54/54 MP: 12/12
  7461 | D:7      | Reached skill level 9 in Maces & Flails
  7499 | D:7      | Found a hazy altar of Hepliaklqana.
  7566 | D:7      | Reached *** piety under Okawaru
  7670 | D:7      | Found a shadowy altar of Dithmenos.
  7678 | D:7      | Found a shattered altar of Ashenzari.
  8020 | D:7      | Found Fenatuc's Armour Boutique.
  8227 | D:7      | Found a sacrificial altar of Ru.
  8496 | D:8      | Noticed a spiny frog
  8536 | D:8      | Killed a spiny frog
  8770 | D:7      | Reached **** piety under Okawaru
  9080 | D:7      | Reached XP level 10. HP: 48/59 MP: 13/13
  9176 | D:7      | Reached skill level 12 in Maces & Flails
  9980 | D:8      | Noticed Erica
  9994 | D:8      | Killed Erica
  9994 | D:8      | Reached ***** piety under Okawaru
 10358 | D:8      | Reached skill level 1 in Shields
 11486 | D:9      | Reached skill level 6 in Fighting
 11490 | D:9      | Reached skill level 3 in Shields
 11534 | D:9      | Reached skill level 6 in Armour
 11534 | D:9      | Reached XP level 11. HP: 59/64 MP: 11/14
 12212 | D:9      | Noticed a two-headed ogre
 12227 | D:9      | Killed a two-headed ogre
 12471 | D:9      | Received a gift from Okawaru
 12735 | D:10     | Entered Level 10 of the Dungeon
 13094 | D:10     | Found a blossoming altar of Fedhas.
 13172 | D:10     | Found a staircase to the Orcish Mines.
 13400 | D:11     | Noticed a two-headed ogre
 13420 | D:11     | Killed a two-headed ogre
 13420 | D:11     | Reached skill level 1 in Invocations
 13741 | D:11     | Found a bloodstained altar of Trog.
 13827 | D:11     | Found a staircase to the Lair.
 14688 | D:12     | Reached skill level 3 in Invocations
 14692 | D:12     | Found a frozen archway.
 14927 | IceCv    | Entered an ice cave
 14946 | IceCv    | Reached XP level 12. HP: 45/75 MP: 13/15
 14954 | IceCv    | Received a gift from Okawaru
 16290 | D:12     | Reached skill level 9 in Fighting
 16290 | D:12     | Reached skill level 9 in Armour
 16683 | D:12     | Received a gift from Okawaru
 16686 | D:12     | Got a pair of transparent gloves {god gift}
 16697 | D:12     | Identified the -3 pair of gloves "Doimpe" {god gift, rN+ Str+5 Int+2} (Okawaru gifted it to you on level 12 of the Dungeon)
 17016 | D:7      | Bought a +2 pair of boots of running for 539 gold pieces
 17149 | Lair:1   | Entered Level 1 of the Lair of Beasts
 17389 | Lair:1   | Got a bloodstained shield
 17401 | Lair:1   | Identified the +3 shield of Lugonu's Castigation {Int+4} (You found it on level 1 of the Lair of Beasts)
 17798 | Lair:2   | Found a hole to the Spider Nest.
 17942 | Lair:2   | Reached skill level 6 in Invocations
 18169 | Lair:2   | Reached XP level 13. HP: 64/82 MP: 14/17
 18630 | Lair:2   | Reached ****** piety under Okawaru
 18630 | Lair:2   | Received a gift from Okawaru
 18631 | Lair:2   | Found a staircase to the Swamp.
 19129 | Lair:2   | Reached skill level 15 in Maces & Flails
 19211 | Lair:2   | Got a transparent platinum ring
 19250 | Lair:2   | Identified the ring "Pufuehes" {Ice rN++ MP+9 Str-4 SInv} (You found it on level 2 of the Lair of Beasts)
 20677 | Lair:4   | Received a gift from Okawaru
 20749 | Lair:4   | Got a slimy cloak {god gift}
 20760 | Lair:4   | Identified the +0 cloak of Going Fast {god gift, *Slow MR++ Int+6} (Okawaru gifted it to you on level 4 of the Lair of Beasts)
 21852 | Lair:5   | Gained mutation: Your large and strong wings let you fly indefinitely. [Gargoyle growth]
 21852 | Lair:5   | Reached XP level 14. HP: 73/90 MP: 17/20
 22406 | Lair:6   | Entered Level 6 of the Lair of Beasts
 22436 | Lair:6   | Reached skill level 9 in Invocations
 22765 | Lair:6   | Found a staircase to the Slime Pits.
 22765 | Lair:6   | Found a viscous altar of Jiyva.
 23259 | Lair:6   | Noticed an entropy weaver
 23266 | Lair:6   | Noticed an entropy weaver
 23268 | Lair:6   | Received a gift from Okawaru
 23279 | Lair:6   | Killed an entropy weaver
 23437 | Lair:6   | Killed an entropy weaver
 23437 | Lair:6   | Reached skill level 12 in Fighting
 23991 | Lair:6   | Reached skill level 12 in Armour
 24047 | Lair:6   | Received a gift from Okawaru
 24324 | Lair:6   | Reached skill level 6 in Shields
 24795 | Lair:6   | Got an ancient hand crossbow
 24796 | Lair:6   | Identified the +8 hand crossbow of Objectivity {freeze, rPois rC+ Int+2} (You found it on level 6 of the Lair of Beasts)
 25184 | Lair:6   | Noticed a dire elephant
 25210 | Lair:6   | Killed a dire elephant
 25562 | D:13     | Found a blossoming altar of Fedhas.
 25973 | D:13     | Noticed Frances
 26019 | D:13     | Killed Frances
 26019 | D:13     | Received a gift from Okawaru
 26311 | D:13     | Reached XP level 15. HP: 66/97 MP: 21/21
 26617 | D:14     | Found an iron altar of Okawaru.
 26799 | D:14     | Found an opulent altar of Gozag.
 27347 | D:14     | Found a gate to the Vaults.
 27388 | D:14     | Received a gift from Okawaru
 28099 | D:13     | Reached skill level 9 in Shields
 28514 | D:14     | Received a gift from Okawaru
 29751 | D:15     | Entered Level 15 of the Dungeon
 29792 | D:15     | Found Fiaral's Elemental Accessories.
 30351 | D:15     | Received a gift from Okawaru
 30672 | D:15     | Paralysed by fainting for 12 turns
 30767 | D:15     | Found a staircase to the Depths.
 30767 | D:15     | Noticed a fire giant
 30950 | D:15     | Reached XP level 16. HP: 99/107 MP: 22/22
 31417 | Orc:1    | Entered Level 1 of the Orcish Mines
 31461 | Orc:1    | Found a flagged portal.
 31476 | Bailey   | Entered a bailey
 32495 | Orc:1    | Received a gift from Okawaru
 32539 | Orc:1    | Got a translucent flail {god gift}
 32540 | Orc:1    | Identified the +4 flail of Mieblecs {god gift, flame, Dex+2 Stlth+} (Okawaru gifted it to you on level 1 of the Orcish Mines)
 32736 | Orc:2    | Entered Level 2 of the Orcish Mines
 32833 | Orc:2    | Found a staircase to the Elven Halls.
 32847 | Orc:2    | Noticed Donald
 32878 | Orc:2    | Killed Donald
 34109 | Orc:2    | Reached skill level 15 in Fighting
 34585 | Orc:2    | Paralysed by an orc sorcerer for 5 turns
 34769 | Orc:2    | Received a gift from Okawaru
 34781 | Orc:2    | Found Eggin's Antique Armour Emporium.
 34782 | Orc:2    | Found Lisizau's Antique Weapon Shoppe.
 34783 | Orc:2    | Found Ifuvea's General Store.
 34783 | Orc:2    | Found Fuut's Jewellery Emporium.
 34942 | Spider:1 | Entered Level 1 of the Spider Nest
 35025 | Spider:1 | Reached skill level 15 in Armour
 35546 | Swamp:1  | Entered Level 1 of the Swamp
 35571 | Swamp:1  | Reached skill level 12 in Shields
 35880 | Swamp:1  | Found a runed door.
 35880 | Swamp:1  | Noticed a tentacled monstrosity
 36468 | Swamp:2  | Killed a tentacled monstrosity
 36468 | Swamp:2  | Received a gift from Okawaru
 36468 | Swamp:2  | Reached XP level 17. HP: 90/114 MP: 21/23
 36471 | Swamp:2  | Got a bloodstained chain mail {god gift}
 36482 | Swamp:2  | Identified the +12 chain mail "Tuur" {god gift, rC+ MR++ Int+3 Slay-5} (Okawaru gifted it to you on level 2 of the Swamp)
 38027 | Swamp:4  | Entered Level 4 of the Swamp
 38496 | Swamp:4  | Noticed the 27-headed Lernaean hydra
 38512 | Swamp:4  | Killed the 27-headed Lernaean hydra
 38512 | Swamp:4  | Received a gift from Okawaru
 38774 | Swamp:4  | Got a translucent crystal plate armour {god gift}
 38786 | Swamp:4  | Identified the +12 crystal plate armour of Zeicaub {god gift, rPois rN+} (Okawaru gifted it to you on level 4 of the Swamp)
 39460 | Swamp:4  | Got a decaying rune of Zot
 39845 | Spider:1 | Received a gift from Okawaru
 40054 | Spider:1 | Reached XP level 18. HP: 99/122 MP: 24/24
 42432 | Spider:3 | Received a gift from Okawaru
 42443 | Spider:3 | Reached skill level 15 in Shields
 43126 | Spider:4 | Entered Level 4 of the Spider Nest
 44217 | Spider:4 | Received a gift from Okawaru
 44217 | Spider:4 | Reached skill level 18 in Fighting
 44273 | Spider:4 | Reached XP level 19. HP: 69/130 MP: 0/25
 44287 | Spider:4 | Got a crude plate armour {god gift}
 44299 | Spider:4 | Identified the +6 plate armour "Nalihigo" {god gift, Regen+} (Okawaru gifted it to you on level 4 of the Spider Nest)
 44414 | Spider:4 | Got a gossamer rune of Zot
 44734 | Vaults:1 | Entered Level 1 of the Vaults
 44925 | Vaults:1 | Reached skill level 18 in Armour
 45258 | Vaults:1 | Paralysed by an ogre mage for 3 turns
 45313 | Vaults:1 | Found a magical portal.
 45413 | WizLab   | Entered Wucad Mu's Monastery
 46120 | Vaults:1 | Received a gift from Okawaru
 46144 | Vaults:1 | Got a steaming hat {god gift}
 46155 | Vaults:1 | Identified the +1 hat of Pagyhuh {god gift, rC- rN+++ Str-4 Int+4} (Okawaru gifted it to you on level 1 of the Vaults)
 46508 | Vaults:1 | Identified a scroll of acquirement
 46997 | Vaults:1 | Found a portal to a secret trove of treasure.
 47554 | Vaults:2 | Received a gift from Okawaru
 47573 | Vaults:2 | Paralysed by an ogre mage for 7 turns
 48026 | Vaults:2 | Reached XP level 20. HP: 139/139 MP: 26/26
 48776 | Vaults:2 | Reached skill level 3 in Dodging
 48829 | Vaults:2 | Got a transparent demon whip
 48830 | Vaults:2 | Identified the +2 demon whip "Nusuriv" {drain, MP+9 Int+2 SInv} (You acquired it on level 2 of the Vaults)
 49313 | Vaults:2 | Received a gift from Okawaru
 50107 | Vaults:3 | Noticed a bone dragon
 50108 | Vaults:3 | Found a staircase to the Crypt.
 50133 | Vaults:3 | Killed a bone dragon
 50807 | Vaults:3 | Received a gift from Okawaru
 51340 | Vaults:3 | Reached XP level 21. HP: 145/145 MP: 27/27
 51382 | Vaults:3 | Found Deney's Antique Armour Boutique.
 52024 | Vaults:4 | Reached skill level 18 in Shields
 52542 | Vaults:4 | Reached skill level 6 in Dodging
 53384 | Vaults:4 | Received a gift from Okawaru
 53910 | Depths:1 | Entered Level 1 of the Depths
 53910 | Depths:1 | Found Guaveiw's Armour Shoppe.
 53910 | Depths:1 | Found a one-way gate leading to the halls of Pandemonium.
 54405 | Depths:1 | Received a gift from Okawaru
 54805 | Depths:1 | Found Metojo Ewoph's Antique Weapon Shoppe.
 54906 | Depths:1 | Found Wetahan's Jewellery Shoppe.
 54922 | Depths:1 | Bought the ring of Vubintom {rF+ rN+ Str+3 Stlth+} for 1008 gold pieces
 54998 | Depths:1 | Found a gateway to Hell.
 55092 | Depths:1 | Received a gift from Okawaru
 55119 | Depths:1 | Reached XP level 22. HP: 135/153 MP: 28/28
 55538 | Depths:1 | Received a gift from Okawaru
 55658 | Depths:2 | Noticed Jorgrun
 55667 | Depths:2 | Killed Jorgrun
 56004 | Depths:2 | Learned a level 1 spell: Apportation
 56046 | Depths:2 | Received a gift from Okawaru
 56085 | Depths:2 | Reached skill level 21 in Fighting
 56142 | Depths:2 | Noticed a caustic shrike
 56160 | Depths:2 | Killed a caustic shrike
 56166 | Depths:2 | Noticed a golden dragon
 56177 | Depths:2 | Killed a golden dragon
 56184 | Depths:2 | Reached skill level 21 in Armour
 56397 | Depths:2 | Reached skill level 9 in Dodging
 56740 | Depths:2 | Noticed Aizul
 56755 | Depths:2 | Killed Aizul
 57077 | Depths:2 | Received a gift from Okawaru
 57408 | Depths:2 | Found a one-way gate to the infinite horrors of the Abyss.
 57460 | Depths:2 | Reached XP level 23. HP: 136/160 MP: 29/29
 57535 | Depths:2 | Identified the +0 demon whip of Fedhas's Condemnation {drain, MR+ SInv} (You acquired it on level 2 of the Depths)
 57666 | Depths:2 | Noticed Saint Roka
 57696 | Depths:2 | Killed Saint Roka
 58491 | Depths:3 | Received a gift from Okawaru
 58522 | Depths:3 | Identified the +11 plate armour of Compression {god gift, rCorr SInv} (Okawaru gifted it to you on level 3 of the Depths)
 58634 | Depths:3 | Noticed Mara
 58641 | Depths:3 | Noticed Gorglomux's illusion
 59125 | Depths:3 | Gained mutation: Potions are less effective at restoring your health. [a neqoxec]
 59158 | Depths:3 | Noticed Gorglomux's illusion
 59217 | Depths:3 | Noticed Gorglomux's illusion
 59674 | Depths:3 | Noticed the Enchantress
 59702 | Depths:3 | Killed the Enchantress
 59768 | Depths:3 | Noticed a juggernaut
 60054 | Depths:2 | Killed a juggernaut
 60061 | Depths:2 | Received a gift from Okawaru
 60287 | Depths:3 | Noticed a juggernaut
 60301 | Depths:3 | Killed a juggernaut
 60453 | Depths:3 | Noticed Gorglomux's illusion
 60470 | Depths:3 | Killed Mara
 60470 | Depths:3 | Received a gift from Okawaru
 60495 | Depths:3 | Reached XP level 24. HP: 141/168 MP: 29/29
 60940 | Depths:4 | Noticed a caustic shrike
 60944 | Depths:4 | Killed a caustic shrike
 60948 | Depths:4 | Noticed a caustic shrike
 60967 | Depths:4 | Killed a caustic shrike
 61053 | Depths:4 | Received a gift from Okawaru
 61878 | Depths:4 | Found a corrupted altar of Lugonu.
 62067 | Depths:5 | Entered Level 5 of the Depths
 62304 | Depths:5 | Found a gateway to a ziggurat.
 62322 | Depths:5 | Noticed a caustic shrike
 62322 | Depths:5 | Noticed a caustic shrike
 62322 | Depths:5 | Noticed a caustic shrike
 62330 | Depths:5 | Killed a caustic shrike
 62330 | Depths:5 | Received a gift from Okawaru
 62336 | Depths:5 | Killed a caustic shrike
 62340 | Depths:5 | Killed a caustic shrike
 62347 | Depths:5 | Reached skill level 21 in Shields
 62605 | Depths:5 | Reached skill level 12 in Dodging
 62745 | Depths:5 | Reached XP level 25. HP: 130/175 MP: 29/29
 62764 | Depths:5 | Received a gift from Okawaru
 63095 | Depths:5 | Received a gift from Okawaru
 63100 | Depths:5 | Got a fine shield {god gift}
 63114 | Depths:5 | Identified the +0 shield of Weirdness {god gift, +Inv Str-4 Int+3} (Okawaru gifted it to you on level 5 of the Depths)
 63786 | Depths:5 | Found a gate to the Realm of Zot.
 64091 | Vaults:5 | Entered Level 5 of the Vaults
 64528 | Vaults:4 | Received a gift from Okawaru
 64595 | Vaults:5 | Noticed an ancient lich
 64707 | Vaults:5 | Killed an ancient lich
 64743 | Vaults:4 | Reached XP level 26. HP: 123/183 MP: 26/29
 64945 | Vaults:5 | Received a gift from Okawaru
 65577 | Vaults:5 | Got a silver rune of Zot
 65601 | Vaults:5 | Got a bloodstained helmet
 65612 | Vaults:5 | Identified the cursed +0 helmet of the Guild-Master {Int-5 Dex+4} (You found it on level 5 of the Vaults)
 65664 | Vaults:5 | Received a gift from Okawaru
 66105 | Vaults:5 | Identified the amulet "Biyqu" {RegenMP rElec rN+} (You took it off a vault warden on level 5 of the Vaults)
 66417 | Vaults:5 | Reached skill level 24 in Armour
 67387 | D:3      | Fell from the grace of Okawaru
 67387 | D:3      | Became a worshipper of the Shining One
 67680 | Depths:1 | Reached skill level 24 in Fighting
 67926 | Crypt:1  | Entered Level 1 of the Crypt
 67926 | Crypt:1  | Reached * piety under the Shining One
 67931 | Crypt:1  | Reached ** piety under the Shining One
 68186 | Crypt:1  | Reached *** piety under the Shining One
 68392 | Crypt:1  | Reached XP level 27. HP: 107/190 MP: 29/29
 68398 | Crypt:1  | Reached **** piety under the Shining One
 69949 | Crypt:2  | Reached ***** piety under the Shining One
 70138 | Crypt:2  | HP: 1/191 [titan/the air[the fury of Okawaru] (30)]
 70144 | Crypt:2  | HP: 1/191 [titan/the air[the fury of Okawaru] (25)]
 70145 | Crypt:2  | Slain by a titan

Skill      XL: |  1  2  3  4  5  6  7  8  9 10 11 12 13 14 15 16 17 18 19 20 21 22 23 24 25 26 |
---------------+-------------------------------------------------------------------------------+-----
Fighting       | 1 2 3 4 5 6 8 10 11 12 14 15 16 18 19 20 21 22 23 24 | 24.3
Armour         | 1 2 3 4 5 6 8 10 11 12 14 15 16 17 18 19 20 21 22 23 24 | 24.4
Maces & Flails | 1 5 8 11 13 14 15 16 | 16.0
Shields        | 3 4 7 10 12 14 15 16 17 18 19 20 21 22 | 22.8
Invocations    | 3 6 8 9 |  9.4
Dodging        | 5 7 9 10 12 13 14 | 14.3
Stealth        | |  2.1
Spellcasting   | |  2.0
Conjurations   | |  1.1
Air Magic      | |  2.4

Action                   |  1- 3 |  4- 6 |  7- 9 | 10-12 | 13-15 | 16-18 | 19-21 | 22-24 | 25-27 || total
-------------------------+-------+-------+-------+-------+-------+-------+-------+-------+-------++-------
Melee: Mace              |   147 |   406 |   326 |       |       |       |       |       |       ||   879
       Unarmed           |    10 |       |       |       |       |       |       |       |       ||    10
       Whip              |       |       |   388 |  1064 |       |       |       |       |       ||  1452
       Punch             |       |       |     1 |     2 |       |       |       |       |       ||     3
       Flail             |       |       |       |   627 |  1650 |       |       |       |       ||  2277
       Morningstar       |       |       |       |       |   580 |       |       |       |       ||   580
       Eveningstar       |       |       |       |       |     9 |  2792 |  2346 |  1821 |  1769 ||  8737
       Demon whip        |       |       |       |       |       |       |    10 |       |       ||    10
Throw: Throwing net      |       |       |       |     1 |       |       |       |       |       ||     1
 Cast: Shock             |     3 |       |       |       |       |       |       |       |       ||     3
Invok: Heroism           |       |       |     6 |    41 |    37 |    34 |    24 |    27 |    19 ||   188
       Finesse           |       |       |       |       |     6 |     8 |     5 |     8 |     8 ||    35
       Cleansing Flame   |       |       |       |       |       |       |       |       |     9 ||     9
       Divine Shield     |       |       |       |       |       |       |       |       |     5 ||     5
 Abil: Evoke Invisibilit |       |       |       |       |     1 |       |       |       |       ||     1
       Fly               |       |       |       |       |       |     1 |       |       |       ||     1
       Stop Flying       |       |       |       |       |       |       |       |     1 |       ||     1
Evoke: Wand              |       |       |     8 |     4 |       |     5 |       |     1 |       ||    18
       Lightning rod     |       |       |       |       |     4 |     4 |       |       |       ||     8
       Box of beasts     |       |       |       |       |     2 |       |       |       |       ||     2
       Lamp of fire      |       |       |       |       |       |     1 |       |       |       ||     1
  Use: Potion            |       |     3 |     2 |     6 |       |     4 |       |     1 |     5 ||    21
       Scroll            |       |       |     8 |    12 |    21 |    10 |    10 |    13 |    10 ||    84
 Stab: Confused          |       |       |     1 |       |       |     4 |       |       |       ||     5
       Petrified         |       |       |       |       |    17 |       |       |       |       ||    17
       Fleeing           |       |       |       |       |     1 |       |       |       |       ||     1
       Invisible         |       |       |       |       |     3 |       |       |       |       ||     3
       Held in net/web   |       |       |       |       |       |     1 |       |       |       ||     1
  Eat: Chunk             |     3 |     9 |     9 |    29 |    39 |    35 |    20 |    12 |     8 ||   164
       Royal jelly       |       |     1 |     1 |     2 |     3 |     3 |     6 |       |     4 ||    20
       Bread ration      |       |       |     1 |     1 |       |       |       |     1 |     1 ||     4
       Meat ration       |       |       |       |       |     1 |       |       |     1 |     1 ||     3
       Fruit             |       |       |       |       |       |       |     9 |     2 |     6 ||    17
Armor: Chain mail        |   162 |   373 |   615 |   456 |       |       |       |       |       ||  1606
       Robe              |     4 |       |       |       |       |       |       |       |       ||     4
       Plate armour      |       |       |       |   652 |  1453 |   824 |       |       |       ||  2929
       Crystal plate arm |       |       |       |       |       |  1447 |  1394 |  1147 |  1419 ||  5407
Dodge: Dodged            |    41 |   190 |   371 |   727 |   557 |   895 |   396 |   496 |   622 ||  4295
       Deflected         |       |       |       |       |       |       |    22 |       |       ||    22
Block: Buckler           |       |       |       |   241 |       |       |       |       |       ||   241
       Shield            |       |       |       |   173 |  1010 |       |       |       |       ||  1183
       Large shield      |       |       |       |       |   756 |  3265 |  2390 |  2013 |  2683 || 11107
